AoeStats
← [La14]Uvita

Arabia

505128306Analyzed
3v3 RM · 25d ago on Sep 8, 2026· 51m 16s· 6 players
Game mode
Random Map
Map size
Normal (6 player)
Population
200
Speed
Normal
Resources
Standard
Victory
Conquest
Starting age
Dark Age
Ending age
Imperial Age
RankedLock teamsTeams togetherTeam positionsShared explorationLock speedFull tech treeHidden civsTurbo modeCheats
Victory
Defeat
🇦🇷 Burmese · Argentina
1268
+10
🇦🇷 Franks · Argentina
1209
+13
🇦🇷 Magyars · Argentina
1095
+17
🇨🇦 Franks · Canada
1189
-16
🇺🇸 Magyars · United States
1160
-14
🇺🇸 Sicilians · United States
1050
-10
AoeAuthority.com
10:36 Feudal Age
11:02 Loom
21:37 Castle Age
23:09 Light Cavalry
23:56 Gold Mining
24:57 Bloodlines
26:40 Double-Bit Axe
28:05 Horse Collar
43:16 Heavy Plow
48:46 Scale Barding Armor
48:33 Fletching
51:23 Corvinian Army
Lumi.S
6:45 Loom
9:04 Feudal Age
9:39 Double-Bit Axe
24:07 Castle Age
24:02 Gold Mining
25:02 Scale Barding Armor
30:15 Town Watch
32:57 Town Watch
33:21 Town Watch
35:44 Bow Saw
38:49 Elite Skirmisher
40:06 Fletching
40:17 Padded Archer Armor
41:16 Wheelbarrow
41:32 Bodkin Arrow
41:53 Leather Archer Armor
49:36 Imperial Age
47:22 Hand Cart
superfrank1114
1:06 Loom
12:05 Feudal Age
13:06 Double-Bit Axe
19:35 Horse Collar
19:47 Gold Mining
26:02 Castle Age
24:38 Wheelbarrow
25:05 Town Watch
25:15 Fletching
25:37 Forging
25:28 Scale Mail Armor
27:01 Bow Saw
26:52 Heavy Plow
26:49 Pikeman
30:37 Chain Mail Armor
31:59 Gold Shaft Mining
31:14 Stone Mining
33:04 Iron Casting
34:50 Bodkin Arrow
36:06 Hand Cart
38:57 Hand Cart
38:43 Town Patrol
40:39 Scale Barding Armor
41:40 Husbandry
41:50 Bloodlines
42:11 Chain Barding Armor
44:51 First Crusade
48:07 Imperial Age
46:40 Light Cavalry
51:42 Squires
[La14]Uvita
6:56 Loom
9:41 Feudal Age
10:16 Double-Bit Axe
10:21 Horse Collar
19:39 Castle Age
18:04 Gold Mining
19:39 Fletching
20:24 Bloodlines
21:43 Bodkin Arrow
23:45 Padded Archer Armor
25:36 Ballistics
27:29 Thumb Ring
29:54 Leather Archer Armor
30:53 Wheelbarrow
31:43 Bow Saw
31:29 Town Watch
31:55 Heavy Plow
37:16 Imperial Age
38:12 Bracer
38:15 Treadmill Crane
39:36 Hand Cart
40:56 Heavy Cavalry Archer
42:01 Parthian Tactics
43:32 Two-Man Saw
43:58 Conscription
43:45 Stone Mining
45:35 Chemistry
46:00 Ring Archer Armor
48:50 Town Patrol
49:49 Crop Rotation
50:40 Scale Barding Armor
[La14] BlackSilvio
6:24 Loom
8:53 Feudal Age
9:33 Double-Bit Axe
21:09 Castle Age
20:10 Scale Barding Armor
20:54 Gold Mining
21:56 Light Cavalry
22:36 Husbandry
22:57 Bow Saw
25:01 Forging
25:12 Chain Barding Armor
28:04 Wheelbarrow
34:04 Iron Casting
33:47 Stone Mining
37:04 Imperial Age
37:30 Cavalier
38:38 Hand Cart
39:50 Conscription
40:25 Gold Shaft Mining
41:38 Padded Archer Armor
41:04 Paladin
42:21 Iron Casting
45:30 Plate Barding Armor
45:56 Blast Furnace
45:57 Chemistry
45:17 Ballistics
45:09 Masonry
45:04 Siege Engineers
45:35 Scale Mail Armor
45:26 Fletching
45:36 Padded Archer Armor
46:15 Town Watch
46:45 Fortified Wall
46:30 Murder Holes
46:46 Careening
46:28 Guard Tower
46:23 Arrowslits
46:43 Siphons
[La14] Monarca Yupanqui
7:28 Loom
9:39 Feudal Age
17:10 Fletching
17:49 Man-at-Arms
19:09 Padded Archer Armor
20:28 Horse Collar
26:07 Castle Age
25:07 Stone Mining
25:07 Gold Mining
25:51 Scale Mail Armor
27:27 Crossbowman
28:35 Heavy Plow
28:51 Bodkin Arrow
31:55 Wheelbarrow
32:26 Town Watch
33:55 Bloodlines
33:45 Husbandry
34:43 Scale Barding Armor
43:05 Imperial Age
43:48 Bracer
44:16 Conscription
44:46 Elite Arambai
46:25 Chain Barding Armor
46:15 Forging
45:46 Light Cavalry
49:34 Iron Casting
50:36 Plate Barding Armor
49:23 Hussar
51:33 Blast Furnace
Connection lost

Rejoining the realm…

Still unreachable

The connection could not be restored.

Session expired

The server has moved on; the page needs a fresh start.